 Dungeon Crawl Stone Soup version 0.29.1-15-g9cfb28693d (webtiles) character file.

Game seed: 14647216838491749028

1545 Atelerd the Thaumaturge (level 8, 0/52 HPs)
             Began as an Octopode Earth Elementalist on Apr 30, 2023.
             Slain by a gnoll
             ... wielding a +0 halberd
             ... led by a gnoll sergeant
              (10 damage)
             ... on level 6 of the Dungeon.
             The game lasted 00:04:59 (4333 turns).

Atelerd the Thaumaturge (OpEE)                      Turns: 4333, Time: 00:05:00

Health: 0/52       AC:  1    Str: 14    XL:     8   Next: 87%
Magic:  20/20      EV: 13    Int: 19    God:
Gold:   211        SH:  0    Dex: 19    Spells: 15/24 levels left

rFire   . . .      SeeInvis .   o - +11 war axe "Transmigrator" {drain, Drain +Blink rPois Dex+7}
rCold   . . .      Faith    .   (no shield)
rNeg    . . .      Spirit   .   (helmet restricted)
rPois   +          Reflect  .   h - amulet of regeneration
rElec   .          Harm     .   g - +6 ring of strength
rCorr   .          Rampage  .   (no ring)
Will    .....                   (no ring)
Stlth   ++++......              (no ring)
HPRegen 0.97/turn               (no ring)
MPRegen 0.17/turn               (no ring)
                                (no ring)
                                (no ring)

@: no status effects
A: almost no armour, amphibious, 8 rings, camouflage 1, gelatinous body 1,
(nimble swimmer 1), tentacles
a: Evoke Blink


You were on level 6 of the Dungeon.
You visited 1 branch of the dungeon, and saw 6 of its levels.

You collected 211 gold pieces.

Inventory:

Hand Weapons
 f - a +0 dagger
 o - the +11 war axe "Transmigrator" (weapon) {drain, Drain +Blink rPois Dex+7}
   (You found it on level 3 of the Dungeon)

   A truly terrible weapon, it drains the life of any living foe it strikes.
   Dex:       It affects your dexterity (+7).
   rPois:     It protects you from poison.
   +Blink:    It lets you blink.
   Drain:     It drains your maximum health when unequipped.
 t - a +1 short sword of freezing
Jewellery
 g - a +6 ring of strength (left tentacle)
 h - an amulet of regeneration (around mantle)
Wands
 x - a wand of flame (14)
Scrolls
 c - 3 scrolls of poison {unknown}
 e - 2 scrolls of immolation {unknown}
 j - 5 scrolls of teleportation {unknown}
 n - 5 scrolls of identify {unknown}
 p - a scroll of acquirement {unknown}
 s - a scroll of fog {unknown}
 u - 4 scrolls of summoning {unknown}
 v - a scroll of noise {unknown}
 w - a scroll of vulnerability {unknown}
 y - a scroll of enchant armour {unknown}
 z - a scroll of amnesia {unknown}
Potions
 a - a potion of magic
 b - a potion of invisibility {unknown}
 d - 3 potions of resistance {unknown}
 i - a potion of ambrosia {unknown}
 k - a potion of degeneration {unknown}
 l - 2 potions of flight {unknown}
 m - 2 potions of haste {unknown}
 q - 2 potions of heal wounds {unknown}
 r - a potion of might {unknown}


   Skills:
 - Level 3.0 Fighting
 - Level 2.0 Dodging
 - Level 5.0 Stealth
 + Level 8.5 Spellcasting
 - Level 2.0 Transmutations
 - Level 4.0 Earth Magic
 - Level 2.0 Poison Magic


You had 15 spell levels left.
You knew the following spells:

 Your Spells              Type           Power      Damage    Failure   Level
a - Sandblast             Erth           46%        2d11      1%          1
b - Olgreb's Toxic Radia  Pois           15%        N/A       36%         4
p - Petrify               Tmut/Erth      19%        N/A       26%         4

Your spell library contained the following spells:

 Spells                   Type           Power      Damage    Failure   Level
 Sting                    Tmut/Pois      60%        1d6       3%          1
 Passwall                 Tmut/Erth      15%        N/A       3%          2
 Poisonous Vapours        Pois/Air       22%        N/A       9%          2
 Stone Arrow              Conj/Erth      30%        3d8       12%         3


Dungeon Overview and Level Annotations

Branches:
Dungeon (6/15)             Temple (0/1) D:5

Altars:
Cheibriados
Dithmenos
Kikubaaqudgha
Nemelex Xobeh
Ru
Trog
Uskayaw

Annotations:
D:4 3 runed translucent doors, QBF's ghost, amateur MiAK


Innate Abilities, Weirdness & Mutations

You cannot wear most types of armour.
You are amphibious.
You can wear up to eight rings at the same time.
Your skin changes colour to match your surroundings (Stealth+).
Your rubbery body absorbs attacks. (AC +1, EV +1)
((You are camouflaged when in or above water. (Stealth+)))
You have tentacles for arms and can constrict up to eight enemies at once.


Message History

The gnoll barely misses you.
The gnoll shouts!
There are monsters nearby!
There are monsters nearby!
There are monsters nearby!
The gnoll closely misses you.
You slash the gnoll!
You kill the gnoll!
The gnoll hits you from afar with a +0 halberd!
The gnoll sergeant barely misses you. The gnoll barely misses you.
The gnoll hits you from afar with a +0 spear!
The gnoll misses you. The gnoll sergeant barely misses you.
There is an open door, spattered with blood here.
You see here a +0 flail.
You slice the gnoll sergeant!! You drain the gnoll sergeant.
Your grab misses the gnoll sergeant.
The gnoll sergeant is almost dead.
You completely miss the gnoll. The gnoll barely misses you.
The gnoll completely misses you. x2
The gnoll sergeant hits you with a +2 spear of pain.
You writhe in agony.
The gnoll sergeant barely misses you. The gnoll completely misses you.
The gnoll closely misses you.
The gnoll hits you from afar with a +0 spear!
You are too injured to fight recklessly!
Unknown command.
You are too injured to fight recklessly!
You closely miss the gnoll sergeant. You grab the gnoll sergeant.
The gnoll sergeant is almost dead.
You hit the gnoll.
You constrict the gnoll sergeant, but do no damage.
The gnoll completely misses you.
The gnoll hits you from afar with a +0 spear.
The gnoll closely misses you.
The gnoll sergeant hits you with a +2 spear of pain!
* * * LOW HITPOINT WARNING * * *
Okay, then.
You release your grip on the gnoll sergeant.
The gnoll attacks as you move away! The gnoll hits you with a +0 halberd!
You die...

##### #.... #####
#....###############
.....
+..gg@...)..........
.####
#..gg#######.#####.
.# #.... #.# .#
##### #.# .# #.#####
.# #.)...# .## ###
### ######.# ..# #.#
#.### #......# ..##
##.##
##...######.######


You could see a gnoll sergeant (drained) and 3 gnolls.

Vanquished Creatures
  Sigmund (D:6)
  Menkaure (D:5)
  2 black bears
  A sky beast (D:6)
  An ogre (D:4)
  A phantom (D:5)
  3 scorpions
  4 wights (D:5)
  A gnoll bouda (D:3)
  A jelly (D:5)
  4 iguanas
  2 orc wizards
  7 gnolls
  8 adders
  5 ufetubi
  3 dart slugs
  13 orcs
  8 endoplasms
  A giant cockroach (D:1)
  8 goblins
  5 hobgoblins
  5 jackals
  8 kobolds
  4 quokkas
  6 ball pythons
  2 bats (D:1)
  2 frilled lizards
  6 rats
113 creatures vanquished.

Vanquished Creatures (others)
  3 plants (D:3)
3 creatures vanquished.

Grand Total: 116 creatures vanquished

Notes
Turn   | Place    | Note
-------+----------+-------------------------------------------
     0 | D:1      | Atelerd the Octopode Earth Elementalist began the quest for
                  | the Orb.
     0 | D:1      | Reached XP level 1. HP: 11/11 MP: 3/3
     2 | D:1      | Noticed a ghoul
     2 | D:1      | Noticed an octopode
     4 | D:1      | Noticed a naga
     4 | D:1      | Noticed an ogre
     6 | D:1      | Noticed a minotaur
     6 | D:1      | Noticed a troll
     8 | D:1      | Noticed a draconian
    10 | D:1      | Noticed a spriggan
    10 | D:1      | Noticed a demigod
    12 | D:1      | Noticed a palentonga
    12 | D:1      | Noticed a gargoyle
    14 | D:1      | Noticed a demonspawn
    14 | D:1      | Noticed a merfolk
    16 | D:1      | Noticed an elf
    18 | D:1      | Noticed a human
    18 | D:1      | Noticed a vampire
    20 | D:1      | Noticed a vine stalker
    20 | D:1      | Noticed a felid
    22 | D:1      | Noticed a tengu
    24 | D:1      | Noticed a meteoran
    24 | D:1      | Noticed a demonspawn
    26 | D:1      | Noticed a gargoyle
    26 | D:1      | Noticed an ogre
   315 | D:1      | Reached XP level 2. HP: 16/17 MP: 0/5
   435 | D:1      | Found a faded altar of an unknown god.
   630 | D:1      | Reached XP level 3. HP: 21/21 MP: 4/6
  1189 | D:2      | Reached XP level 4. HP: 27/27 MP: 5/7
  1674 | D:3      | Found a bloodstained altar of Trog.
  1933 | D:3      | Identified the +11 war axe "Transmigrator" {drain, Drain
                  | +Blink rPois Dex+7}
  2240 | D:3      | Reached XP level 5. HP: 17/31 MP: 7/9
  2395 | D:4      | Reached skill level 5 in Stealth
  2395 | D:4      | Reached skill level 3 in Spellcasting
  2426 | D:4      | Found a runed translucent gate.
  2426 | D:4      | Found a runed translucent gate.
  2426 | D:4      | Found a runed translucent gate.
  2427 | D:4      | Noticed QBF's ghost (amateur MiAK)
  2432 | D:4      | Noticed a black bear
  2438 | D:4      | Killed a black bear
  2439 | D:4      | Reached XP level 6. HP: 40/40 MP: 7/11
  2444 | D:4      | Learned a level 4 spell: Petrify
  2492 | D:4      | Found an ancient bone altar of Kikubaaqudgha.
  2573 | D:4      | Found a sparkling altar of Nemelex Xobeh.
  2652 | D:4      | Found a sacrificial altar of Ru.
  2737 | D:4      | Found a hide-covered altar of Uskayaw.
  2745 | D:4      | Reached skill level 4 in Spellcasting
  2753 | D:4      | Reached XP level 7. HP: 34/46 MP: 13/13
  2957 | D:5      | Entered Level 5 of the Dungeon
  2977 | D:5      | Found a staircase to the Ecumenical Temple.
  3054 | D:5      | Reached skill level 5 in Spellcasting
  3154 | D:5      | Found a snail-covered altar of Cheibriados.
  3379 | D:5      | Noticed Menkaure
  3387 | D:5      | Reached skill level 6 in Spellcasting
  3435 | D:5      | Learned a level 4 spell: Olgreb's Toxic Radiance
  3470 | D:5      | Reached skill level 1 in Poison Magic
  3483 | D:5      | Reached XP level 8. HP: 38/52 MP: 14/17
  3651 | D:5      | Reached skill level 7 in Spellcasting
  3850 | D:5      | Killed Menkaure
  4004 | D:6      | Found a shadowy altar of Dithmenos.
  4168 | D:6      | Reached skill level 8 in Spellcasting
  4314 | D:6      | Noticed Sigmund
  4318 | D:6      | Killed Sigmund
  4333 | D:6      | Slain by a gnoll

Illustrated notes

Levels and vault maps discovered:
D:1:      kb_arrival_jail, layout_rooms, shapermc_ecumenical_altar_notcrosses
D:2:      layout_rooms, minivault_19, minmay_misc_feat_five
D:3:      layout_basic, nicolae_overflow_hidden_temple, nicolae_grassy_gnolls
D:4:      layout_cave_pools, mainiacjoe_overflow_alcove_2,
          nicolae_overflow_crystal_walls, mainiacjoe_overflow_alcove_4,
          kennysheep_mini_moat, gammafunk_ghost_necromancy
D:5:      layout_cave_pods, overflow_temple_1_default,
          minmay_temple_entry_from_below_a, uniq_menkaure
D:6:      layout_basic, nicolae_dithmenos_through_a_glass_darkly, serial_curves,
          eino_curves_03, eino_curves_02, eino_curves_02, eino_curves_03,
          kennysheep_cross_bottleneck, uniq_sigmund

Skill      XL: |  1  2  3  4  5  6  7  8 |
---------------+-------------------------+-----
Stealth        | 3 4 5 |  5.0
Transmutations | 2 |  2.0
Earth Magic    | 4 |  4.0
Spellcasting   | 3 4 6 8 |  8.5
Fighting       | 2 3 |  3.0
Poison Magic   | 2 |  2.0
Dodging        | |  2.0

Action                   |  1- 3 |  4- 6 |  7- 9 || total
-------------------------+-------+-------+-------++-------
Melee: Unarmed           |    20 |       |       ||    20
       Tentacles         |     9 |     6 |    14 ||    29
       Constrict         |     6 |     6 |    14 ||    26
       Dagger            |    10 |     5 |       ||    15
       War axe           |       |    24 |    58 ||    82
       Punch             |       |       |     1 ||     1
 Cast: Sandblast         |    35 |    21 |    13 ||    69
       Petrify           |       |       |     2 ||     2
 Stab: Sleeping          |     2 |     5 |     9 ||    16
       Distracted        |       |     1 |       ||     1
       Petrified         |       |       |     3 ||     3
Armor: Skin              |       |     2 |     3 ||     5
Dodge: Dodged            |    30 |    23 |    65 ||   118
